 Dungeon Crawl Stone Soup version 0.29-a0-1047-g7c58e119a4 (webtiles) character file.

Game seed: 7841781645462266853

46 Zeldest the Chopper (level 4, -3/40 HPs)
             Began as a Meteoran Monk on Aug 16, 2022.
             Slain by a scorpion (5 damage)
             ... on level 5 of the Dungeon.
             The game lasted 00:04:48 (672 turns).

Zeldest the Chopper (Meteoran Monk)                  Turns: 672, Time: 00:04:49

Health: -3/40      AC:  3    Str: 13    XL:     4   Next: 13%
Magic:  5/5        EV: 13    Int: 13    God:
Gold:   59         SH:  4    Dex: 16    Spells: 3/3 levels left

rFire   . . .      SeeInvis .   a - +0 hand axe
rCold   + . .      Faith    .   j - +0 buckler
rNeg    . . .      Spirit   .   b - +0 robe
rPois   .          Reflect  .   (no helmet)
rElec   .          Harm     .   e - +0 cloak
rCorr   .          Rampage  .   (no gloves)
Will    .....                   (no boots)
Stlth   +.........              (no amulet)
HPRegen 0.13/turn               f - ring of protection from cold
MPRegen 0.09/turn               i - ring of flight

@: lethally poisoned (-3 -> -14), flying, glowing
A: sense surroundings 1, otherworldly, glowing, explore regen
a: no special abilities


You were on level 5 of the Dungeon.
You visited 1 branch of the dungeon, and saw 5 of its levels.

You collected 59 gold pieces.

Inventory:

Hand Weapons
 a - a +0 hand axe (weapon)
Armour
 b - a +0 robe (worn)
 e - a +0 cloak (worn)
 j - a +0 buckler (worn)
Jewellery
 f - a ring of protection from cold (left hand)
 i - a ring of flight (right hand)
Scrolls
 d - a scroll of poison
 l - a scroll of noise {unknown}
 m - a scroll of identify {unknown}
Potions
 c - a potion of mutation {unknown}
 g - a potion of curing
 h - a potion of might {unknown}
 k - a potion of haste {unknown}
 n - a potion of brilliance {unknown}


   Skills:
 + Level 3.6 Fighting
 * Level 4.4 Axes
 - Level 3.6 Dodging
 - Level 1.4 Stealth
 + Level 0.4 Shields
 * Level 2.0 Necromancy


You had 3 spell levels left.
You didn't know any spells.
Your spell library was empty.

Dungeon Overview and Level Annotations

Branches:
Dungeon (5/15) Zot: 2320
 Temple: D:4-7

Altars:
Fedhas
Gozag
Sif Muna


Innate Abilities, Weirdness & Mutations

You passively map a small area around you.
You are easily found by Zot.
You glow in the dark.
You regain HP and MP as you explore.


Message History

The gnoll hits you from afar with a +0 spear.
Okay, then.
A scorpion comes into view.
You barely miss the scorpion. The scorpion completely misses you.
The air fills with toxic fumes!
As you read the scroll labelled QAUTOARUCO, it crumbles to dust.
It was a scroll of poison.
The scorpion stings you.
You aren't carrying any items that you can evoke.
Unknown command.
It was a potion of curing.
You feel better. The scorpion closely misses you.
The gnoll is engulfed in poison gas.
The gnoll is poisoned.
The gnoll barely misses you.
Really fly into that cloud of poison gas?
You are engulfed in poison gas.
You are poisoned.
You feel very sick.
The gnoll is engulfed in poison gas.
The gnoll looks even sicker.
The scorpion stings you.
You are lethally poisoned!
The scorpion poisons you!
You are engulfed in poison gas.
You are more poisoned.
* * * LOW HITPOINT WARNING * * *
You feel extremely sick.
The gnoll looks even sicker.
You feel better.
You are engulfed in poison gas.
You are lethally poisoned!
* * * LOW HITPOINT WARNING * * *
You feel very sick.
The scorpion is engulfed in poison gas.
The scorpion is poisoned.
The scorpion stings you.
* * * LOW HITPOINT WARNING * * *
The gnoll is engulfed in poison gas.
The gnoll looks as sick as possible!
You kill the gnoll!
Your Necromancy skill increases to level 2!
You have reached level 4!
* * * LOW HITPOINT WARNING * * *
You feel very sick.
The scorpion is engulfed in poison gas.
The scorpion looks even sicker.
The scorpion stings you.
You die...

### ###
#######.# #☼#
#.......###§##
#.###§ggg§.s§#
#.# #.#§###@##
#.# #.#..?#§#
#.# #g#..$#§#
#.# #g#.###§#
#.# #.#.. .§#
#.# #g###*###
#.# #.# ## #.#
.#####.# *


You could see a scorpion (very poisoned) and 3 gnolls.

Vanquished Creatures
  A gnoll (D:5)
  An adder (D:2)
  An orc (D:4)
  3 bats (D:2)
  3 endoplasms
  2 giant cockroaches (D:4)
  3 goblins
  A hobgoblin (D:1)
  A quokka (D:2)
  4 ball pythons
  A frilled lizard (D:1)
  2 kobolds
  A rat (D:2)
24 creatures vanquished.

Notes
Turn   | Place    | Note
-------+----------+-------------------------------------------
     0 | D:1      | Zeldest the Meteoran Monk began the quest for the Orb.
     0 | D:1      | Reached XP level 1. HP: 19/19 MP: 2/2
    83 | D:1      | Reached XP level 2. HP: 19/26 MP: 3/3
   111 | D:2      | Reached skill level 1 in Necromancy
   159 | D:2      | Reached skill level 4 in Axes
   167 | D:2      | Reached XP level 3. HP: 26/31 MP: 4/4
   526 | D:4      | Found a blossoming altar of Fedhas.
   531 | D:4      | Found an opulent altar of Gozag.
   534 | D:4      | Found a shimmering blue altar of Sif Muna.
   635 | D:5      | Entered Level 5 of the Dungeon
   665 | D:5      | Noticed a scorpion
   672 | D:5      | Reached XP level 4. HP: 5/40 MP: 5/5
   672 | D:5      | HP: 2/40 [poisoned by you (poison gas)]
   672 | D:5      | Slain by a scorpion

Illustrated notes

Levels and vault maps discovered:
D:1:      dpeg_arrival_round_a, layout_basic, dilly_ecumenical_altar_fadedgnrine
D:2:      layout_basic, serial_co_window_serial, co_window_paths_a,
          co_window_corner_a, co_window_paths_a, co_window_corner_a,
          co_window_of_opportunity_a, co_window_broadway_a, co_window_corner_b,
          co_window_paths_c, co_window_broadway_a, co_window_corner_b,
          co_window_cross_3, co_window_of_opportunity_b, glass_columns_b,
          glass_columns_a, glass_columns_a, glass_columns_b, serial_shops, shop,
          st_stairs_6, minmay_misc_feat_room
D:3:      layout_basic
D:4:      layout_basic, minmay_overflow_temple_star_quad,
          chequers_serial_rivers_micro_b
D:5:      layout_basic, minmay_temple_entry_from_below_a,
          hangedman_abyss_or_decor_lesser_grid, minmay_fractal_squares_5

Skill      XL: |  1  2  3 |
---------------+----------+-----
Necromancy     | 1 2 |  2.0
Axes           | 4 |  4.4
Fighting       | |  3.6
Dodging        | |  3.6
Stealth        | |  1.4
Shields        | |  0.4

Action                   |  1- 3 |  4- 6 || total
-------------------------+-------+-------++-------
Melee: Hand axe          |    76 |       ||    76
       Punch             |     2 |       ||     2
  Use: Potion            |     4 |       ||     4
       Scroll            |     1 |       ||     1
Armor: Robe              |    25 |       ||    25
Dodge: Dodged            |    66 |       ||    66
Block: Buckler           |     2 |       ||     2

Table legend: (Time is in decaauts)
 A = Elapsed time spent in this place.
 B = Non-inter-level travel time spent in this place.
 C = Inter-level travel time spent in this place.
 D = Time resting spent in this place.
 E = Time spent auto-exploring this place.
 F = Levels seen in this place.
 G = Mean time per level.
                   A        B        C        D        E       F      G
               +--------+--------+--------+--------+--------+-----+--------+
         Total |    678 |    678 |      0 |      0 |      0 |   5 |  135.6 |
       Dungeon |    678 |    678 |      0 |      0 |      0 |   5 |  135.6 |
               +--------+--------+--------+--------+--------+-----+--------+

Top non-repeatable levels by time:
     D:4: 239 daAuts
     D:2: 163 daAuts
     D:3: 129 daAuts
     D:1: 109 daAuts
     D:5: 37 daAuts
